 Dungeon Crawl Stone Soup version 0.16.1-51-g6203257 (webtiles) character file.

345 xiwix the Covered (level 6, -1/47 HPs)
             Began as a Formicid Fighter on July 23, 2015.
             Slain by an ogre
             ... wielding a +0 giant club
              (2 damage)
             ... on level 4 of the Dungeon.
             The game lasted 00:03:39 (2535 turns).

xiwix the Covered (Formicid Fighter)                Turns: 2535, Time: 00:03:39

Health: -1/47      AC: 13    Str: 23    XL:     6   Next: 90%
Magic:  10/10      EV:  5    Int:  7    God:
Gold:   123        SH:  9    Dex: 10    Spells: 2 memorised, 3 levels left

rFire  . . .     SeeInvis +     a - +0 war axe
rCold  . . .     Clarity  .     g - +0 plate armour
rNeg   . . .     SustAb   .     c - +0 shield
rPois  +         Gourm    .     (helmet unavailable)
rElec  .         Spirit   .     r - +0 cloak
rCorr  .         Warding  .     (no gloves)
rMut   .         Stasis   +     (no boots)
MR     .....                    (no amulet)
Stlth  ..........               x - ring of poison resistance
                                (no ring)

@: not resistant to hostile enchantments, extremely unstealthy
A: permanent stasis, dig shafts and tunnels, four strong arms, antennae 3
a: Dig, Shaft Self


You were on level 4 of the Dungeon.
You were not hungry.

You visited 1 branch of the dungeon, and saw 4 of its levels.

You collected 123 gold pieces.

Inventory:

Hand weapons
 a - a +0 war axe (weapon)
 y - a +2 flail of crushing
Armour
 b - a +0 scale mail
 c - a +0 shield (worn)
 g - a +0 plate armour (worn)
 r - a +0 cloak (worn)
Jewellery
 l - an uncursed ring of ice
 x - a ring of poison resistance (right hand)
Scrolls
 f - 3 scrolls of remove curse {unknown}
 i - a scroll of identify {unknown}
 n - a scroll of enchant armour {unknown}
 o - 2 scrolls of teleportation {unknown}
 s - a scroll of fog {unknown}
 t - a scroll of enchant weapon {unknown}
 u - a scroll of recharging {unknown}
 w - a scroll of amnesia {unknown}
 B - a scroll of random uselessness {unknown}
Potions
 e - a potion of might
 h - 3 potions of haste {unknown}
 j - 3 potions of flight {unknown}
 k - a potion of beneficial mutation {unknown}
 m - 2 potions of heal wounds {unknown}
 p - 2 potions of curing {unknown}
 q - a potion of brilliance {unknown}
 A - a potion of lignification {unknown}
Books
 C - a book of Battle

   Spells                             Type                      Level
   a - Infusion                       Charms                       1
   b - Shroud of Golubria             Charms/Translocation         2
   c - Song of Slaying                Charms                       2
   d - Spectral Weapon                Hexes/Charms                 3
   e - Regeneration                   Charms/Necromancy            3
Comestibles
 d - 2 bread rations
 v - 2 slices of pizza
 z - a meat ration


   Skills:
 - Level 3.2 Fighting
 * Level 4.4 Axes
 * Level 5.9 Armour
 - Level 3.6 Shields
 + Level 1.4 Spellcasting
 + Level 1.3 Charms


You had 3 spell levels left.
You knew the following spells:

 Your Spells              Type           Power        Failure   Level  Hunger
a - Regeneration          Chrm/Necr      #.........   100%        3    ####...
b - Infusion              Chrm           #.....       100%        1    ##.....


Dungeon Overview and Level Annotations

Branches:
Dungeon (4/15)
 Temple: D:4-7

Altars:
Fedhas
Nemelex Xobeh
Yredelemnul
The Shining One


Innate Abilities, Weirdness & Mutations

You are under a permanent stasis effect.
You can dig through walls and to a lower floor.
Your four strong arms can wield two-handed weapons with a shield.
You have a pair of large antennae on your head (SInv).


Message History

You can't drink that!
You hit the ogre. You hit the phantom.
Your plate armour prevents you from hitting the worker ant.
You block the worker ant's attack. The phantom hits you.
* * * LOW HITPOINT WARNING * * *
The ogre hits you with a giant club!
* * * LOW HITPOINT WARNING * * *
You take 16 damage, and have 3/47 hp.
MASSIVE DAMAGE!!
Unknown command.
You hit the ogre. You hit the phantom. You closely miss the worker ant.
The worker ant bites you but does no damage.
The phantom completely misses you. You block the worker ant's attack.
You block the phantom's attack. The ogre barely misses you.
Unknown command.
Your plate armour prevents you from hitting the ogre.
You miss the phantom. You hit the worker ant. The worker ant bites you.
* * * LOW HITPOINT WARNING * * *
The phantom blinks!
You block the worker ant's attack. The ogre hits you with a giant club.
You die...

#...............
####
#.##############
#... #.# ###... #.#
....... #.# ###
....... #.###.....
.......##.).'.....
#........#..##.....
#......a@..W....##
#......§O.......#
##'####..........
#.K......#. .
#.#....### #
#.#.##.# # ..... ..
##### .#.#..#.#
..... ..... ......


You could see a phantom, an ogre, a worker ant and a kobold.

Vanquished Creatures
  A phantom (D:4)
  A water moccasin (D:4)
  6 adders
  A worm (D:3)
  An ooze (D:1)
  5 orcs
  7 bats
  3 giant cockroaches (D:1)
  16 goblins
  9 hobgoblins
  5 jackals (D:1)
  15 kobolds
  2 quokkas
  A ball python (D:3)
  5 giant newts
  6 rats
84 creatures vanquished.

Notes
Turn   | Place    | Note
--------------------------------------------------------------
     0 | D:1      | xiwix, the Formicid Fighter, began the quest for the Orb.
     0 | D:1      | Reached XP level 1. HP: 18/18 MP: 1/1
    49 | D:1      | Reached XP level 2. HP: 17/24 MP: 3/3
   338 | D:1      | Reached XP level 3. HP: 29/29 MP: 4/4
   373 | D:1      | Reached skill level 4 in Armour
   635 | D:2      | Found a basalt altar of Yredelemnul.
   795 | D:2      | Reached XP level 4. HP: 28/35 MP: 5/5
  1005 | D:2      | Found a glowing golden altar of the Shining One.
  1116 | D:2      | Found a blossoming altar of Fedhas.
  1786 | D:3      | Reached XP level 5. HP: 37/41 MP: 7/7
  1924 | D:3      | Reached skill level 5 in Armour
  2109 | D:3      | Learned a level 3 spell: Regeneration
  2111 | D:3      | Learned a level 1 spell: Infusion
  2276 | D:4      | Noticed a water moccasin
  2277 | D:4      | Found a sparkling altar of Nemelex Xobeh.
  2277 | D:4      | Noticed a phantom
  2284 | D:4      | Killed a water moccasin
  2284 | D:4      | Reached skill level 1 in Spellcasting
  2284 | D:4      | Reached XP level 6. HP: 33/47 MP: 7/10
  2357 | D:4      | Killed a phantom
  2357 | D:4      | Reached skill level 1 in Charms
  2520 | D:4      | Noticed a phantom
  2525 | D:4      | Noticed an ogre
  2535 | D:4      | HP: 1/47 [worker ant (2)]
  2535 | D:4      | Slain by an ogre

Action                   |  1- 3 |  4- 6 || total
-------------------------+-------+-------++-------
Melee: War axe           |   135 |   217 ||   352
  Eat: Chunk             |       |     6 ||     6
